 Dungeon Crawl Stone Soup version 0.29.1-15-g9cfb28693d (webtiles) character file.

Game seed: 7533418015093805535

3707 dobroeutro the Basher (level 10, 0/56 HPs)
             Began as a Gargoyle Fighter on Apr 21, 2023.
             Was a Priest of Okawaru.
             Slain by Maggie
             ... wielding a +2 broad axe of flaming
              (5 damage)
             ... on level 7 of the Dungeon.
             The game lasted 00:10:49 (8593 turns).

dobroeutro the Basher (Gargoyle Fighter)            Turns: 8593, Time: 00:10:50

Health: 0/56       AC: 17    Str: 23    XL:     10   Next: 14%
Magic:  10/10      EV: 10    Int:  8    God:    Okawaru [***...]
Gold:   342        SH:  5    Dex: 17    Spells: 9/9 levels left

rFire   . . .      SeeInvis .   p - +2 whip (venom)
rCold   . . .      Faith    .   c - +0 buckler
rNeg    + . .      Spirit   .   b - +0 scale mail
rPois   ∞          Reflect  .   C - +0 helmet
rElec   +          Harm     .   (no cloak)
rCorr   .          Rampage  .   t - +0 pair of gloves
Will    .....                   v - +0 pair of boots
Stlth   ..........              (no amulet)
HPRegen 0.18/turn               x - +6 ring of dexterity
MPRegen 0.12/turn               (no ring)

@: mesmerised
A: sickness immunity, AC +7, negative energy resistance 1, electricity
resistance, torment resistance 1, petrification resistance
a: Renounce Religion, Heroism


You were on level 7 of the Dungeon.
You worshipped Okawaru.
Okawaru was most pleased with you.
You visited 2 branches of the dungeon, and saw 8 of its levels.

You collected 342 gold pieces.

Inventory:

Hand Weapons
 a - a +0 flail
 p - a +2 whip of venom (weapon)
 y - the +7 dagger of Qobucz Tyxki {freeze, Int+2}
   (You found it on level 5 of the Dungeon)

   It freezes those it strikes, dealing additional cold damage.
   It can also slow down cold-blooded creatures.
   Int:       It affects your intelligence (+2).
Armour
 b - a +0 scale mail (worn)
 c - a +0 buckler (worn)
 t - a +0 pair of gloves (worn)
 v - a +0 pair of boots (worn)
 C - a +0 helmet (worn)
 F - a +1 hat
Jewellery
 x - a +6 ring of dexterity (left hand)
Wands
 H - a wand of polymorph (12)
Scrolls
 f - 5 scrolls of magic mapping {unknown}
 h - 2 scrolls of teleportation {unknown}
 k - a scroll of amnesia {unknown}
 l - 2 scrolls of vulnerability {unknown}
 m - 4 scrolls of identify {unknown}
 n - 3 scrolls of noise {unknown}
 q - a scroll of enchant armour {unknown}
 r - 2 scrolls of fog {unknown}
 s - 3 scrolls of blinking {unknown}
 u - a scroll of immolation {unknown}
 B - 2 scrolls of fear {unknown}
 D - 2 scrolls of silence {unknown}
Potions
 d - a potion of might
 e - a potion of ambrosia {unknown}
 g - a potion of cancellation {unknown}
 i - 2 potions of invisibility
 j - a potion of curing
 o - a potion of lignification {unknown}
 w - a potion of berserk rage {unknown}
 z - 2 potions of brilliance {unknown}
 A - 2 potions of flight
 E - a potion of degeneration {unknown}
 G - a potion of haste


   Skills:
 + Level 3.7 Fighting
 + Level 13.8 Maces & Flails
 + Level 3.7 Armour
 + Level 1.0 Dodging
 + Level 3.7 Shields


You had 9 spell levels left.
You didn't know any spells.
Your spell library contained the following spells:

 Spells                   Type           Power      Damage    Failure   Level
 Freeze                   Ice            0%         1d3       80%         1
 Magic Dart               Conj           0%         1d3       80%         1
 Ensorcelled Hibernation  Hex/Ice        0%         N/A       91%         2
 Searing Ray              Conj           0%         2d4       91%         2
 Frozen Ramparts          Ice            0%         1d1       99%         3
 Gell's Gravitas          Tloc           0%         N/A       99%         3
 Lesser Beckoning         Tloc           0%         N/A       99%         3
 Spider Form              Tmut/Pois      0%         N/A       99%         3
 Teleport Other           Tloc           0%         N/A       99%         3
 Anguish                  Hex/Necr       0%         N/A       100%        4
 Fulminant Prism          Conj/Hex       0%         3d6       100%        4
 Hailstorm                Conj/Ice       0%         3d3       100%        4
 Iskenderun's Battlesphe  Conj           0%         2d6       100%        5
 Iron Shot                Conj/Erth      0%         9d1       100%        6
 Spellforged Servitor     Conj/Summ      Unusable   N/A       N/A         7

Dungeon Overview and Level Annotations

Branches:
Dungeon (7/15)             Temple (1/1) D:5

Altars:
Ashenzari
Cheibriados
Dithmenos
Elyvilon
Fedhas
Gozag
Hepliaklqana
Kikubaaqudgha
Okawaru
Ru
Uskayaw
Wu Jian
Xom
Zin
The Shining One

Annotations:
D:7 Maggie


Innate Abilities, Weirdness & Mutations

You are immune to sickness and miasma.
Your stone body is resilient. (AC +7)
You are immune to poison.
You resist negative energy. (rN+)
You are resistant to electric shocks. (rElec)
You are resistant to unholy torment.
You are immune to petrification.


Message History

Maggie burns you.
You hit Maggie.
Maggie looks as sick as possible!
Maggie is lightly wounded.
You barely miss Maggie.
Maggie is lightly wounded.
Maggie gestures wildly while chanting.
Maggie draws you further into her thrall.
You hit Maggie but do no damage.
Maggie looks as sick as possible!
Maggie is moderately wounded.
You hit Maggie.
Maggie is moderately wounded.
Maggie casts a spell at you. The bolt of fire hits you!
You hit Maggie.
Maggie looks as sick as possible!
Maggie is moderately wounded.
You hit Maggie but do no damage.
Maggie looks as sick as possible!
Maggie is moderately wounded.
Maggie drinks a potion.
Maggie seems to grow stronger.
You hit Maggie but do no damage.
Maggie looks as sick as possible!
Maggie is moderately wounded.
You closely miss Maggie.
Maggie is moderately wounded.
Maggie hits you with a +2 broad axe of flaming!
Maggie burns you.
You hit Maggie but do no damage.
Maggie looks as sick as possible!
Maggie is heavily wounded.
You hit Maggie.
Maggie is heavily wounded.
Maggie barely misses you.
You hit Maggie.
Maggie is severely wounded.
Maggie barely misses you.
You hit Maggie.
Maggie looks as sick as possible!
Maggie is severely wounded.
You hit Maggie but do no damage.
Maggie looks as sick as possible!
Maggie is severely wounded.
Maggie hits you with a +2 broad axe of flaming!
* * * LOW HITPOINT WARNING * * *
Maggie burns you.
You die...

#.........≈.....
#....>....≈.≈...
#.........≈.≈._.
#.........≈.≈...
#.........≈.....
#...†.≈.≈≈≈≈
#)###....... #@#
###.#.. #@# ..
#)# . # #.# #
#.# # #.# # #.#
# ###'#### #
#......# #
#......# ##


You could see Maggie (mesmerising, strong, extremely poisoned).

Vanquished Creatures
  Pikel (D:6)
  Joseph (D:7)
  An unseen horror (D:7)
  Eustachio (D:6)
  A wyvern (D:7)
  A water moccasin (D:6)
  An ice beast (D:5)
  An orc warrior (D:7)
  A black bear (D:6)
  3 ogres
  4 centaurs
  2 lemures (D:6)
  2 phantoms
  2 kobold brigands (D:7)
  3 bullfrogs
  3 scorpions (D:6)
  3 howler monkeys
  2 orc priests
  4 hounds
  A gnoll bouda (D:5)
  2 jellies
  3 orc wizards
  8 gnolls
  8 adders
  9 river rats (D:5)
  2 shadow imps
  An ufetubus (D:5)
  3 dart slugs
  20 orcs
  5 ball pythons
  4 bats
  5 endoplasms
  2 giant cockroaches (D:2)
  4 hobgoblins
  3 jackals (D:2)
  18 kobolds
  15 quokkas
  3 frilled lizards
  4 goblins
  20 rats
177 creatures vanquished.

Vanquished Creatures (others)
  3 plants (D:6)
  4 withered plants (D:6)
7 creatures vanquished.

Grand Total: 184 creatures vanquished

Notes
Turn   | Place    | Note
-------+----------+-------------------------------------------
     0 | D:1      | dobroeutro the Gargoyle Fighter began the quest for the
                  | Orb.
     0 | D:1      | Reached XP level 1. HP: 14/14 MP: 1/1
   214 | D:1      | Found a faded altar of an unknown god.
   311 | D:1      | Reached XP level 2. HP: 18/19 MP: 2/2
   458 | D:1      | Reached skill level 3 in Maces & Flails
  1305 | D:2      | Reached XP level 3. HP: 14/23 MP: 3/3
  1695 | D:2      | Reached skill level 4 in Maces & Flails
  1702 | D:2      | Reached XP level 4. HP: 27/28 MP: 4/4
  2166 | D:3      | Found a snail-covered altar of Cheibriados.
  2166 | D:3      | Found a hide-covered altar of Uskayaw.
  2350 | D:3      | Found a glowing silver altar of Zin.
  3093 | D:4      | Noticed a phantom
  3114 | D:4      | Killed a phantom
  3115 | D:4      | Reached skill level 5 in Maces & Flails
  3115 | D:4      | Reached XP level 5. HP: 23/32 MP: 5/5
  3296 | D:4      | Reached skill level 6 in Maces & Flails
  3296 | D:4      | Reached XP level 6. HP: 37/37 MP: 6/6
  3543 | D:5      | Entered Level 5 of the Dungeon
  3568 | D:5      | Noticed an ice beast
  3582 | D:5      | Killed an ice beast
  3599 | D:5      | Identified the +7 dagger of Qobucz Tyxki {freeze, Int+2}
  3615 | D:5      | Reached skill level 7 in Maces & Flails
  4164 | D:5      | Reached XP level 7. HP: 41/41 MP: 7/7
  4561 | D:5      | Reached skill level 8 in Maces & Flails
  4834 | D:5      | Found a staircase to the Ecumenical Temple.
  4912 | Temple   | Entered the Ecumenical Temple
  4937 | Temple   | Became a worshipper of Warmaster Okawaru
  5140 | D:5      | Reached skill level 9 in Maces & Flails
  5140 | D:5      | Reached XP level 8. HP: 16/46 MP: 8/8
  5422 | D:5      | You fall into a shaft and drop 2 floors!
  5489 | D:7      | Reached * piety under Okawaru
  5972 | D:6      | Reached skill level 10 in Maces & Flails
  6037 | D:6      | Noticed Eustachio
  6076 | D:6      | Killed Eustachio
  6285 | D:6      | Reached ** piety under Okawaru
  6286 | D:6      | Reached skill level 11 in Maces & Flails
  6471 | D:6      | Reached XP level 9. HP: 50/51 MP: 9/9
  6861 | D:6      | Noticed Pikel
  6896 | D:6      | Killed Pikel
  6897 | D:6      | Reached skill level 12 in Maces & Flails
  6998 | D:6      | Found an ancient bone altar of Kikubaaqudgha.
  6998 | D:6      | Found a blossoming altar of Fedhas.
  7953 | D:7      | Reached *** piety under Okawaru
  7954 | D:7      | Reached skill level 13 in Maces & Flails
  8047 | D:7      | Killed an unseen horror
  8391 | D:7      | Reached XP level 10. HP: 56/56 MP: 10/10
  8425 | D:7      | Noticed Joseph
  8450 | D:7      | Killed Joseph
  8478 | D:7      | Found a hazy altar of Hepliaklqana.
  8497 | D:7      | Reached skill level 1 in Dodging
  8575 | D:7      | Noticed Maggie
  8593 | D:7      | Slain by Maggie

Illustrated notes

Levels and vault maps discovered:
D:1:      minmay_arrival_nine_rooms, layout_basic,
          hellmonk_ecumenical_altar_arch_garden, minmay_pentomino_o4
D:2:      minmay_angry_zag, layout_basic, minmay_misc_feat_five,
          minmay_randomly_rotated_circles
D:3:      layout_loops_ring, mainiacjoe_overflow_boulevard,
          gammafunk_temple_overflow_elements
D:4:      minmay_octagon_keep, layout_basic, grunt_qazlal_clouds,
          skrybe_limestone_x, chequers_serial_rivers_large_a
D:5:      lemuel_ratsnest, layout_rooms, minmay_temple_entry_mist
D:6:      layout_loops_ring, grunt_temple_overflow_growth_and_decay,
          kennysheep_nondescript, nicolae_zen_rock_garden, minivault_19,
          uniq_eustachio, uniq_pikel
D:7:      layout_basic, mainiacjoe_overflow_cross_hatched,
          kennysheep_generic_room_15, uniq_joseph, uniq_maggie
Temple:   nicolae_temple_great_sept

Skill      XL: |  1  2  3  4  5  6  7  8  9 10 |
---------------+-------------------------------+-----
Maces & Flails | 3 4 5 6 7 9 11 13 | 13.8
Dodging        | 1 |  1.0
Fighting       | |  3.7
Armour         | |  3.7
Shields        | |  3.7

Action                   |  1- 3 |  4- 6 |  7- 9 | 10-12 || total
-------------------------+-------+-------+-------+-------++-------
Melee: Flail             |    81 |       |       |       ||    81
       Whip              |    35 |   131 |   428 |    50 ||   644
Invok: Heroism           |       |       |     2 |       ||     2
  Use: Potion            |       |     1 |     2 |       ||     3
Armor: Scale mail        |    61 |    38 |   192 |     6 ||   297
Dodge: Dodged            |    74 |    31 |   140 |    18 ||   263
Block: Buckler           |    27 |    23 |    80 |     6 ||   136
